 Dungeon Crawl Stone Soup version 0.19.5 (webtiles) character file.

71 Gargoyl the Skirmisher (level 4, -2/40 HPs)
             Began as a Ghoul Abyssal Knight on May 17, 2017.
             Was a Follower of Lugonu.
             Slain by a gnoll
             ... wielding a +0 flail
              (11 damage)
             ... on level 3 of the Dungeon.
             The game lasted 00:03:56 (1919 turns).

Gargoyl the Skirmisher (Ghoul Abyssal Knight)       Turns: 1919, Time: 00:03:57

Health: -2/40      AC:  5    Str: 15    XL:     4   Next: 24%
Magic:  4/4        EV: 10    Int:  7    God:    Lugonu [*.....]
Gold:   102        SH:  2    Dex:  9    Spells: 0 memorised, 3 levels left

rFire  . . .     SeeInvis .     a - +2 hand axe
rCold  + . .     Gourm    .     d - +0 ring mail
rNeg   + + +     Faith    .     (no shield)
rPois  ∞         Spirit   .     (no helmet)
rElec  .         Reflect  +     (no cloak)
rCorr  .         Harm     .     (no gloves)
MR     .....                    (no boots)
Stlth  ..........               g - +2 amulet of reflection
                                (no ring)
                                (no ring)

@: rotting
A: rotting body, claws 1, carnivore 3, cold resistance 1, negative energy
resistance 3, slow regeneration 1, torment resistance, unbreathing
a: Depart the Abyss, Renounce Religion


You were on level 3 of the Dungeon.
You worshipped Lugonu.
Lugonu was aware of your devotion.
You were not hungry.

You visited 1 branch of the dungeon, and saw 4 of its levels.
You visited the Abyss 1 time.

You collected 102 gold pieces.

Inventory:

Hand Weapons
 a - a +2 hand axe (weapon)
Armour
 d - a +0 ring mail (worn)
Jewellery
 f - an uncursed ring of ice
 g - a +2 amulet of reflection (around neck)
Scrolls
 e - a scroll of fear
 i - a scroll of teleportation
Potions
 j - a potion of cancellation {unknown}
 k - 2 potions of heal wounds
 n - 2 potions of degeneration {unknown}
Comestibles
 c - 2 meat rations
 h - 2 beef jerkies


   Skills:
 + Level 3.7 Fighting
 + Level 2.4 Axes
 * Level 2.8 Armour
 + Level 1.4 Dodging
 * Level 2.1 Invocations


You had 3 spell levels left.
You didn't know any spells.

Dungeon Overview and Level Annotations

Branches:
Dungeon (4/15)
 Temple: D:4-7

Altars:


Innate Abilities, Weirdness & Mutations

Your body is rotting away.
You thrive on raw meat.
You are immune to poison.
You have sharp fingernails.
You are carnivorous and can eat meat at any time.
Your flesh is cold resistant. (rC+)
You are immune to negative energy. (rN+++)
You regenerate slowly when monsters are visible.
You are immune to unholy pain and torment.
You can survive without breathing.


Message History

There is a stone staircase leading up here.
The frilled lizard barely misses you. The gnoll hits you with a flail!
You climb upwards.
There is a stone staircase leading down here.
You hit the gnoll.
The gnoll is moderately wounded.
You closely miss the frilled lizard. The frilled lizard barely misses you.
The gnoll hits you but does no damage.
Unknown command.
You hit the gnoll.
The gnoll is moderately wounded.
You hit the frilled lizard.
You kill the frilled lizard!
Lugonu accepts your kill. The gnoll hits you with a flail!
* * * LOW HITPOINT WARNING * * *
You hit the gnoll.
The gnoll is severely wounded.
The gnoll hits you with a flail!
You die...

#.# #...######
##########.###.........
.................######
##.....####..# #.#####
##..# ##.## #...#
###...######..##
#............#.##
#######.#.@g#####.###.##
#........###..##.## ##.#
#.#####.#.#.#.###.###.##
#<#####.##.##.# ##.#..##
#.......##.##.# #......#
#..######...#.###..##.##
#..# #.............#
#..######...#.###..##.....
#.............# #..#######


You could see a gnoll.

Vanquished Creatures
  An adder (D:3)
  A gnoll (D:4)
  A worm (D:3)
  2 dart slugs (D:1)
  2 leopard geckos (D:1)
  3 giant cockroaches
  4 goblins
  5 hobgoblins
  3 quokkas
  8 bats
  A frilled lizard (D:3)
  4 kobolds
  8 rats
43 creatures vanquished.

Notes
Turn   | Place    | Note
-------+----------+-------------------------------------------
     0 | Abyss:1  | Gargoyl the Ghoul Abyssal Knight began the quest for the Orb.
     0 | Abyss:1  | Reached XP level 1. HP: 19/19 MP: 1/1
   123 | Abyss:1  | Noticed a small abomination
   126 | Abyss:1  | Noticed a ynoxinul
   129 | D:1      | Escaped the Abyss
   158 | D:1      | Reached skill level 1 in Dodging
   266 | D:1      | Reached * piety under Lugonu
   266 | D:1      | Reached XP level 2. HP: 26/26 MP: 2/2
   604 | D:1      | Reached XP level 3. HP: 30/31 MP: 3/3
  1801 | D:3      | Reached XP level 4. HP: 31/40 MP: 4/4
  1919 | D:3      | Slain by a gnoll

Skill      XL: |  1  2  3 |
---------------+----------+-----
Dodging        | 1 |  1.4
Armour         | 2 |  2.8
Axes           | 2 |  2.4
Fighting       | |  3.7
Invocations    | |  2.1

Action                   |  1- 3 |  4- 6 || total
-------------------------+-------+-------++-------
Melee: Hand axe          |   125 |    14 ||   139
Invok: Depart the Abyss  |     1 |       ||     1
  Use: Potion            |     3 |       ||     3
       Scroll            |     8 |       ||     8
  Eat: Chunk             |    14 |     3 ||    17
Armor: Ring mail         |    44 |     6 ||    50
Dodge: Dodged            |    89 |     9 ||    98
Block: Other             |     1 |     1 ||     2
